PIO (24 & UNDER)
JASPER COUGARS @ CHULA VISTA TACOS
06/18/2023
 
TOP OF THE 1ST
Jasper Cougars batting - Pitching for Chula Vista Tacos : LHP Geoff Williams
Pitching: LHP Geoff Williams
Batting: LHB Pepe Vázquez 0-0: Swinging Strike
0-1: Called Strike
0-2: Strikes out swinging
Batting: LHB Enrique Valentín 0-0: Ball
1-0: Foul Ball, location: 2F
1-1: Foul Ball, location: 2F
1-2: Ball
2-2: Strikes out swinging
Batting: RHB Jesús Hernández 0-0: Ground out 4-3 (Groundball, 4M)
Top of the 1st over - 0 run(s), 0 hit(s), 0 error(s), 0 left on base; Jasper 0 - Chula Vista 0
BOTTOM OF THE 1ST
Chula Vista Tacos batting - Pitching for Jasper Cougars : LHP Millard Curtis
Pitching: LHP Millard Curtis
Batting: RHB Jorge Collazo 0-0: Ball
1-0: SINGLE (Groundball, 13) (infield hit)
Batting: RHB Doug Brown 0-0: Called Strike
0-1: Ball
1-1: Called Strike
1-2: Foul Ball, location: 2F
1-2: Ball
2-2: Ball
3-2: 2-RUN HOME RUN (Flyball, 78XD), Distance : 418 ft
Batting: RHB Scott Green 0-0: Foul Ball, location: 2F
0-1: Called Strike
0-2: Ball
1-2: Ball
2-2: Ball
3-2: Foul Ball, location: 2F
3-2: Foul Ball, location: 2F
3-2: Foul Ball, location: 2F
3-2: Base on Balls
Batting: LHB Mario Olivares 0-0: Called Strike
0-1: Ball
1-1: Ball
2-1: Swinging Strike
2-2: Strikes out looking
Scott Green steals 2nd base
Batter strikes out.
Batting: SHB Adrián Nieto 0-0: Called Strike
0-1: Called Strike
0-2: Foul Ball, location: 2F
0-2: Strikes out swinging
Batting: LHB José Torres 0-0: Swinging Strike
0-1: Called Strike
0-2: Ball
1-2: Ball
2-2: Ball
3-2: Foul Ball, location: 2F
3-2: Base on Balls
Batting: RHB Luis Martínez 0-0: Called Strike
0-1: Called Strike
0-2: Ball
1-2: Fielders Choice at 2nd, 6-4 (Groundball, 6)
Bottom of the 1st over - 2 run(s), 2 hit(s), 0 error(s), 1 left on base; Jasper 0 - Chula Vista 2
TOP OF THE 2ND
Jasper Cougars batting - Pitching for Chula Vista Tacos : LHP Geoff Williams
Batting: RHB Dave Parker 0-0: Foul Ball, location: 2F
0-1: Ball
1-1: Called Strike
1-2: Ball
2-2: Fly out, F9 (Flyball, 9D)
Batting: SHB Ron Edwards 0-0: Ball
1-0: Ball
2-0: Ball
3-0: Called Strike
3-1: Called Strike
3-2: Ground out 5-3 (Groundball, 56S)
Batting: RHB Dan Hooper 0-0: Called Strike
0-1: Ball
1-1: Foul Ball, location: 2F
1-2: Strikes out swinging
Top of the 2nd over - 0 run(s), 0 hit(s), 0 error(s), 0 left on base; Jasper 0 - Chula Vista 2
BOTTOM OF THE 2ND
Chula Vista Tacos batting - Pitching for Jasper Cougars : LHP Millard Curtis
Batting: SHB Brian Price 0-0: Foul Ball, location: 2F
0-1: Ball
1-1: SOLO HOME RUN (Flyball, 78XD), Distance : 438 ft
Batting: SHB Chris Hall 0-0: Ball
1-0: DOUBLE (Line Drive, 7LM)
Batting: RHB Jorge Collazo 0-0: Ball
1-0: Ball
2-0: Foul Ball, location: 2F
2-1: Ball
3-1: Base on Balls
Batting: RHB Doug Brown 0-0: Ball
1-0: Called Strike
1-1: Foul Ball, location: 2F
1-2: Foul Ball, location: 2F
1-2: Ball
2-2: Strikes out looking
Batting: RHB Scott Green 0-0: DOUBLE (Flyball, 7D)
Chris Hall scores
Jorge Collazo to third
Batting: LHB Mario Olivares 0-0: Ball
1-0: Ball
2-0: Called Strike
2-1: Foul Ball, location: 2F
2-2: Ground out 4-3 (Groundball, 4)
Jorge Collazo scores
Scott Green to third
Batting: SHB Adrián Nieto 0-0: Ball
1-0: Called Strike
1-1: Ground out 5-3 (Groundball, 56)
Bottom of the 2nd over - 3 run(s), 3 hit(s), 0 error(s), 1 left on base; Jasper 0 - Chula Vista 5
TOP OF THE 3RD
Jasper Cougars batting - Pitching for Chula Vista Tacos : LHP Geoff Williams
Batting: RHB Manuel Pérez 0-0: Called Strike
0-1: Swinging Strike
0-2: Ball
1-2: Strikes out swinging
Batting: LHB Jon Scott 0-0: Foul Ball, location: 2F
0-1: Ball
1-1: Ball
2-1: Ground out U3 (Groundball, 3)
Batting: RHB Greg King 0-0: Ground out 4-3 (Groundball, 4)
Top of the 3rd over - 0 run(s), 0 hit(s), 0 error(s), 0 left on base; Jasper 0 - Chula Vista 5
BOTTOM OF THE 3RD
Chula Vista Tacos batting - Pitching for Jasper Cougars : LHP Millard Curtis
Batting: LHB José Torres 0-0: Called Strike
0-1: Ball
1-1: Ball
2-1: Swinging Strike
2-2: Hit by Pitch
Batting: RHB Luis Martínez 0-0: Called Strike
0-1: Foul Ball, location: 2F
0-2: Ball
1-2: DOUBLE (Line Drive, 7LS)
José Torres to third
Batting: SHB Brian Price 0-0: Ball
1-0: Foul Ball, location: 2F
1-1: Ball
2-1: Called Strike
2-2: Ball
3-2: Foul Ball, location: 2F
3-2: Foul Ball, location: 2F
3-2: Base on Balls
Batting: SHB Chris Hall 0-0: Called Strike
0-1: Reached on Error, E9 (Flyball, 9LM)
José Torres scores
Luis Martínez to third
Brian Price to second
Batting: RHB Jorge Collazo 0-0: Ball
1-0: Swinging Strike
1-1: Fly out, F7 (Flyball, 78M)
Pitching: RHP Pancho Hernández
Batting: RHB Doug Brown 0-0: Called Strike
0-1: Swinging Strike
0-2: Foul Ball, location: 2F
0-2: Ball
1-2: Ball
2-2: Ball
3-2: Foul Ball, location: 2F
3-2: Base on Balls
Luis Martínez scores
Brian Price to third
Chris Hall to second
Batting: RHB Scott Green 0-0: Swinging Strike
0-1: Fly out, F4 (Popup, 4M)
Batting: LHB Mario Olivares 0-0: Ball
1-0: Foul Ball, location: 2F
1-1: Reached on error, E6 (Groundball, 6M)
Brian Price scores
Chris Hall to third
Doug Brown to second
Batting: SHB Adrián Nieto 0-0: Ball
1-0: Called Strike
1-1: Swinging Strike
1-2: Ball
2-2: Foul Ball, location: 2F
2-2: Foul Ball, location: 2F
2-2: Foul Ball, location: 2F
2-2: Ball
3-2: Foul Ball, location: 2F
3-2: Base on Balls
Chris Hall scores
Doug Brown to third
Mario Olivares to second
Batting: LHB José Torres 0-0: Ball
1-0: Swinging Strike
1-1: Swinging Strike
1-2: Ball
2-2: Foul Ball, location: 2F
2-2: Strikes out swinging
Bottom of the 3rd over - 4 run(s), 1 hit(s), 2 error(s), 3 left on base; Jasper 0 - Chula Vista 9
TOP OF THE 4TH
Jasper Cougars batting - Pitching for Chula Vista Tacos : LHP Geoff Williams
Batting: LHB Pepe Vázquez 0-0: Ball
1-0: Ground out 4-3 (Groundball, 4)
Batting: LHB Enrique Valentín 0-0: Swinging Strike
0-1: Foul Ball, location: 2F
0-2: Ball
1-2: Strikes out looking
Batting: RHB Jesús Hernández 0-0: Called Strike
0-1: Called Strike
0-2: Ball
1-2: SINGLE (Line Drive, 6)
Batting: RHB Dave Parker 0-0: Ball
1-0: Ball
2-0: SINGLE (Groundball, 56D)
Jesús Hernández to second
Batting: SHB Ron Edwards 0-0: Ball
1-0: Foul Ball, location: 2F
1-1: Ball
2-1: Swinging Strike
2-2: Ball
3-2: Foul Ball, location: 2F
3-2: Strikes out swinging
Top of the 4th over - 0 run(s), 2 hit(s), 0 error(s), 2 left on base; Jasper 0 - Chula Vista 9
BOTTOM OF THE 4TH
Chula Vista Tacos batting - Pitching for Jasper Cougars : RHP Pancho Hernández
Batting: RHB Luis Martínez 0-0: Ground out 1-3 (Groundball, 23)
Batting: SHB Brian Price 0-0: Ball
1-0: Ball
2-0: Foul Ball, location: 2F
2-1: Ground out 3-1 (Groundball, 34)
Batting: SHB Chris Hall 0-0: Ground out 4-3 (Groundball, 34)
Bottom of the 4th over - 0 run(s), 0 hit(s), 0 error(s), 0 left on base; Jasper 0 - Chula Vista 9
TOP OF THE 5TH
Jasper Cougars batting - Pitching for Chula Vista Tacos : LHP Geoff Williams
Batting: RHB Dan Hooper 0-0: Called Strike
0-1: Ball
1-1: Swinging Strike
1-2: Strikes out swinging
Batting: RHB Manuel Pérez 0-0: Swinging Strike
0-1: Swinging Strike
0-2: Ground out 6-3 (Groundball, 6M)
Batting: LHB Jon Scott 0-0: Called Strike
0-1: Foul Ball, location: 2F
0-2: Foul Ball, location: 2F
0-2: Strikes out swinging
Top of the 5th over - 0 run(s), 0 hit(s), 0 error(s), 0 left on base; Jasper 0 - Chula Vista 9
BOTTOM OF THE 5TH
Chula Vista Tacos batting - Pitching for Jasper Cougars : RHP Pancho Hernández
Batting: RHB Jorge Collazo Reached via error on a dropped throw, E3
Batting: RHB Doug Brown 0-0: Ball
Jorge Collazo is caught stealing 2nd base
1-0: Ball
2-0: Swinging Strike
2-1: Called Strike
2-2: Ball
3-2: Strikes out swinging
Batting: RHB Scott Green 0-0: Ball
1-0: Called Strike
1-1: SINGLE (Groundball, 56)
Batting: LHB Mario Olivares 0-0: Called Strike
0-1: Swinging Strike
0-2: Ground out U3 (Groundball, 3L)
Bottom of the 5th over - 0 run(s), 1 hit(s), 1 error(s), 1 left on base; Jasper 0 - Chula Vista 9
TOP OF THE 6TH
Jasper Cougars batting - Pitching for Chula Vista Tacos : LHP Geoff Williams
Batting: RHB Greg King 0-0: Ball
1-0: Ball
2-0: Called Strike
2-1: Foul Ball, location: 2F
2-2: Ball
3-2: Foul Ball, location: 2F
3-2: Base on Balls
Batting: LHB Pepe Vázquez 0-0: Ball
1-0: Ball
2-0: Fly out, F9 (Flyball, 9D)
Runner from 1st tags up, SAFE at 2nd
Batting: LHB Enrique Valentín 0-0: Ground out 4-3 (Groundball, 34)
Greg King to third
Batting: RHB Jesús Hernández 0-0: Fly out, F9 (Line Drive, 9S)
Top of the 6th over - 0 run(s), 0 hit(s), 0 error(s), 1 left on base; Jasper 0 - Chula Vista 9
BOTTOM OF THE 6TH
Chula Vista Tacos batting - Pitching for Jasper Cougars : RHP Pancho Hernández
Batting: SHB Adrián Nieto 0-0: Called Strike
0-1: Ball
1-1: Ball
2-1: Swinging Strike
2-2: Foul Ball, location: 2F
2-2: Ball
3-2: Base on Balls
Batting: LHB José Torres 0-0: Called Strike
0-1: Ball
1-1: Foul Ball, location: 2F
1-2: Ball
2-2: Strikes out swinging
Batting: RHB Luis Martínez 0-0: Ball
1-0: Ball
Adrián Nieto is caught stealing 2nd base
2-0: Ball
3-0: Base on Balls
Batting: SHB Brian Price 0-0: Ball
1-0: Called Strike
1-1: Ground out 4-3 (Groundball, 4)
Bottom of the 6th over - 0 run(s), 0 hit(s), 0 error(s), 1 left on base; Jasper 0 - Chula Vista 9
TOP OF THE 7TH
Jasper Cougars batting - Pitching for Chula Vista Tacos : LHP Geoff Williams
Batting: RHB Dave Parker 0-0: Called Strike
0-1: Ball
1-1: Ball
2-1: Foul Ball, location: 2F
2-2: Foul Ball, location: 2F
2-2: Strikes out swinging
Batting: SHB Ron Edwards 0-0: Foul Ball, location: 2F
0-1: Swinging Strike
0-2: Ball
1-2: Foul Ball, location: 2F
1-2: Ball
2-2: Ball
3-2: Foul Ball, location: 2F
3-2: SINGLE (Popup, 56D)
Pitching: LHP Domingo Benítez
Batting: RHB Dan Hooper 0-0: Ball
1-0: Ball
2-0: Ball
3-0: Called Strike
3-1: Base on Balls
Ron Edwards to second
Batting: RHB Manuel Pérez 0-0: Fly out, F6 (Popup, 8LS)
Batting: LHB Jon Scott 0-0: Ball
1-0: Called Strike
1-1: Foul Ball, location: 2F
1-2: Ball
2-2: Strikes out swinging
Top of the 7th over - 0 run(s), 1 hit(s), 0 error(s), 2 left on base; Jasper 0 - Chula Vista 9
BOTTOM OF THE 7TH
Chula Vista Tacos batting - Pitching for Jasper Cougars : RHP Pancho Hernández
Pitching: RHP Andrés Ruíz
Batting: SHB Chris Hall 0-0: Ball
1-0: Ball
2-0: Called Strike
2-1: Ball
3-1: Base on Balls
Batting: RHB Jorge Collazo 0-0: Sac Bunt - play at second, runner OUT! 2-6
Batting: RHB Doug Brown 0-0: Called Strike
0-1: Ball
1-1: Grounds into double play, 4-6-3 (Groundball, 4)
Bottom of the 7th over - 0 run(s), 0 hit(s), 0 error(s), 0 left on base; Jasper 0 - Chula Vista 9
TOP OF THE 8TH
Jasper Cougars batting - Pitching for Chula Vista Tacos : LHP Domingo Benítez
Now at C: José Oliveira
Now at SS: José Aranda
Now in LF: Jaime Icaza
Batting: RHB Greg King 0-0: Ball
1-0: Swinging Strike
1-1: Foul Ball, location: 2F
1-2: Strikes out swinging
Batting: LHB Pepe Vázquez 0-0: Swinging Strike
0-1: Swinging Strike
0-2: Ball
1-2: Foul Ball, location: 2F
1-2: DOUBLE (Flyball, 78XD)
Batting: LHB Enrique Valentín 0-0: Ball
1-0: Ground out 4-3 (Groundball, 4)
Pepe Vázquez to third
Batting: RHB Jesús Hernández 0-0: Ball
Steal of home, Pepe Vázquez is out
Top of the 8th over - 0 run(s), 1 hit(s), 0 error(s), 0 left on base; Jasper 0 - Chula Vista 9
BOTTOM OF THE 8TH
Chula Vista Tacos batting - Pitching for Jasper Cougars : RHP Andrés Ruíz
Batting: RHB Scott Green 0-0: Ground out 4-3 (Groundball, 4)
Batting: LHB Mario Olivares 0-0: Fly out, F9 (Flyball, 89M)
Batting: SHB Adrián Nieto 0-0: Ball
1-0: Ball
2-0: Ball
3-0: Base on Balls
Batting: LHB José Torres 0-0: Ball
1-0: Called Strike
1-1: Swinging Strike
1-2: DOUBLE (Line Drive, 78M)
Adrián Nieto to third
Batting: RHB Luis Martínez 0-0: Ball
1-0: Ball
2-0: Ball
3-0: Base on Balls
Batting: SHB Brian Price 0-0: Ball
1-0: Ground out U3 (Groundball, 3L)
Bottom of the 8th over - 0 run(s), 1 hit(s), 0 error(s), 3 left on base; Jasper 0 - Chula Vista 9
TOP OF THE 9TH
Jasper Cougars batting - Pitching for Chula Vista Tacos : LHP Domingo Benítez
Now at 1B: Noriaki Sangi
Batting: RHB Jesús Hernández 0-0: Ball
1-0: Ball
2-0: Ball
3-0: Base on Balls
Batting: RHB Dave Parker 0-0: Called Strike
0-1: Swinging Strike
0-2: Strikes out looking
Batting: SHB Ron Edwards 0-0: Foul Ball, location: 2F
0-1: 2-RUN HOME RUN (Line Drive, 9LD), Distance : 391 ft
Batting: RHB Dan Hooper 0-0: Ball
1-0: Ball
2-0: Ball
3-0: Called Strike
3-1: Swinging Strike
3-2: Base on Balls
Batting: RHB Manuel Pérez 0-0: Called Strike
0-1: Ball
1-1: Called Strike
1-2: Strikes out swinging
Batting: LHB Jon Scott 0-0: Called Strike
0-1: Fielders Choice at 2nd, U6 (Groundball, 6M)
Top of the 9th over - 2 run(s), 1 hit(s), 0 error(s), 1 left on base; Jasper 2 - Chula Vista 9
This league is powered by Out of the Park Baseball, the baseball management simulation game for PC, Mac and Linux
Wednesday, December 2nd, 2015 - OOTP Baseball 16.8 Build 38